 Dungeon Crawl Stone Soup version 0.21-a0-440-g28109cb (webtiles) character file.

1817 slep the Carver (level 9, 0/69 HPs)
             Began as a Barachi Fighter on Nov 11, 2017.
             Was a Priest of Okawaru.
             Slain by zeke's ghost (14 damage)
             ... on level 7 of the Dungeon.
             The game lasted 00:41:20 (5201 turns).

slep the Carver (Barachi Fighter)                   Turns: 5201, Time: 00:41:21

Health: 0/69       AC: 11    Str: 17    XL:     9   Next: 10%
Magic:  9/9        EV: 16    Int: 12    God:    Okawaru [***...]
Gold:   300        SH: 11    Dex: 20    Spells: 8/8 levels left

rFire    . . .     SeeInvis .   d - +1 falchion (slice)
rCold    . . .     Gourm    .   c - +0 shield
rNeg     . . .     Faith    .   v - +0 ring mail (curse)
rPois    .         Spirit   .   l - +0 helmet
rElec    .         Reflect  .   C - +0 cloak (curse)
rCorr    .         Harm     .   (no gloves)
MR       .....     Clarity  +   t - +0 pair of boots
Stlth    +++.......             (no amulet)
HPRegen  0.21/turn              m - +3 ring of intelligence
MPRegen  0.11/turn              z - +1 ring of protection

@: agile, slow
A: +LOS, swims, clarity, mutation resistance 1, slowness 1, strong legs 1
a: Hop, Heroism, Renounce Religion


You were on level 7 of the Dungeon.
You worshipped Okawaru.
Okawaru was most pleased with you.
You were not hungry.

You visited 1 branch of the dungeon, and saw 7 of its levels.
You also visited: Sewer.

You collected 325 gold pieces.
You spent 25 gold pieces at shops.

Inventory:

Hand Weapons
 d - a +1 falchion of slicing (weapon)
 B - a +1 mace of crushing
 F - the +4 Vampire's Tooth {vamp}
   (You found it on level 4 of the Dungeon)

   It inflicts no extra harm, but heals its wielder when it wounds a living foe.
 L - a +1 war axe of distortion
Missiles
 u - 5 tomahawks of returning (quivered)
 w - 4 tomahawks
Armour
 c - a +0 shield (worn)
 l - a +0 helmet (worn)
 p - a +0 scale mail of poison resistance
 t - a +0 pair of boots (worn)
 v - a cursed +0 ring mail (worn)
 C - a cursed +0 cloak (worn)
 I - a cursed +1 chain mail
 K - a +0 troll leather armour {Purgy}
Jewellery
 m - a +3 ring of intelligence (left hand)
 z - a +1 ring of protection (right hand)
 E - an uncursed ring of stealth
Scrolls
 a - a scroll of enchant armour
 e - a scroll of immolation {unknown}
 g - a scroll of teleportation
 h - 2 scrolls of blinking {unknown}
 i - 2 scrolls of enchant weapon {unknown}
 j - 3 scrolls of identify
 r - 3 scrolls of remove curse {unknown}
 s - a scroll of amnesia {unknown}
 y - a scroll of recharging {unknown}
 H - a scroll of fear {unknown}
 J - a scroll of summoning {unknown}
Potions
 b - a potion of magic
 n - 3 potions of curing
 q - a potion of agility
 A - a potion of brilliance
 D - a potion of flight
Comestibles
 f - 2 bread rations
 k - 4 royal jellies
 o - 2 meat rations


   Skills:
 + Level 5.7 Fighting
 + Level 9.2 Long Blades
 + Level 6.7 Armour
 + Level 3.5 Dodging
 + Level 1.6 Stealth
 + Level 6.2 Shields


You had 8 spell levels left.
You didn't know any spells.

Dungeon Overview and Level Annotations

Branches:
Dungeon (7/15)
 Temple: D:4-7

Altars:
Fedhas
Nemelex Xobeh
Okawaru
Ru
Yredelemnul
Zin

Shops:
D:4 *

Annotations:
D:7 Prince Ribbit; zeke's ghost, novice MiFi


Innate Abilities, Weirdness & Mutations

Shadows flee at your approach. (+LOS)
You can swim through water.
You cover ground slowly.
You can hop short distances.
You possess an exceptional clarity of mind.
You are somewhat resistant to further mutation.


Message History

Zeke's ghost is moderately damaged.
You block zeke's ghost's attack.
You hit zeke's ghost but do no damage.
Zeke's ghost is moderately damaged.
You block zeke's ghost's attack.
You hit zeke's ghost but do no damage.
Zeke's ghost is moderately damaged.
You hit zeke's ghost but do no damage.
Zeke's ghost is moderately damaged.
Zeke's ghost hits you!
* * * LOW HITPOINT WARNING * * *
You hit zeke's ghost but do no damage.
Zeke's ghost is moderately damaged.
You block zeke's ghost's attack.
Prince Ribbit croaks regally.
You closely miss zeke's ghost.
Zeke's ghost is moderately damaged.
Prince Ribbit asks, "Just a little smooch?"
Prince Ribbit blinks!
Zeke's ghost hits you!
You die...

###....
#....?..
#.......
#.......
.F.....
#....#
#...§#
#.[..#######
#...§W@....#
#....#####.#
#....#
#....#
#...W#
#....#
#.....
##+###


You could see Prince Ribbit and zeke's ghost.

Vanquished Creatures
  Grinder (D:6)
  Purgy (Sewer)
  An ice beast (D:5)
  A phantom (D:4)
  An ogre (D:5)
  A centaur (D:6)
  A bullfrog (D:6)
  2 scorpions (D:5)
  2 vampire bats (D:4)
  2 howler monkeys (D:6)
  3 crimson imps
  The ghost of ShadedKnight the Digger, a weakling GrEE (D:3)
  2 orc priests (D:6)
  2 jellies
  Crazy Yiuf (D:3)
  3 bullfrog skeletons
  Jessica (D:3)
  Terence (D:3)
  An orc wizard (D:5)
  5 worker ants
  A hound skeleton (D:5)
  6 gnolls
  Robin (D:3)
  7 adders
  A howler monkey skeleton (D:5)
  A river rat (D:5)
  A shadow imp (D:6)
  An ooze (D:3)
  3 worms
  2 dart slugs
  2 leopard geckos (D:1)
  24 orcs
  A giant cockroach (D:2)
  13 goblins
  7 hobgoblins
  6 jackals (D:1)
  9 kobolds
  A quokka (D:3)
  4 ball pythons
  14 bats
  5 frilled lizards
  9 rats
152 creatures vanquished.

Notes
Turn   | Place    | Note
-------+----------+-------------------------------------------
     0 | D:1      | slep the Barachi Fighter began the quest for the Orb.
     0 | D:1      | Reached XP level 1. HP: 18/18 MP: 1/1
    39 | D:1      | Reached XP level 2. HP: 18/25 MP: 2/2
   253 | D:1      | Reached XP level 3. HP: 19/30 MP: 3/3
   800 | D:2      | Reached skill level 3 in Long Blades
   807 | D:2      | Found an iron altar of Okawaru.
  1035 | D:2      | Found a glowing silver altar of Zin.
  1460 | D:2      | Became a worshipper of Warmaster Okawaru
  1532 | D:3      | Noticed ShadedKnight's ghost (weakling GrEE)
  1533 | D:3      | Noticed Terence
  1551 | D:3      | Killed ShadedKnight's ghost
  1551 | D:3      | Reached XP level 4. HP: 15/37 MP: 4/4
  1615 | D:4      | Reached XP level 5. HP: 6/42 MP: 5/5
  1618 | D:4      | HP: 2/42 [poisoned by a worker ant]
  1853 | D:3      | Killed Terence
  1853 | D:3      | Reached skill level 4 in Long Blades
  1853 | D:3      | Reached skill level 5 in Armour
  1885 | D:3      | Found a basalt altar of Yredelemnul.
  1954 | D:3      | Noticed Jessica
  1959 | D:3      | Killed Jessica
  2035 | D:3      | Noticed Robin
  2049 | D:3      | Killed Robin
  2070 | D:3      | Reached XP level 6. HP: 30/48 MP: 6/6
  2099 | D:3      | Found a blossoming altar of Fedhas.
  2195 | D:3      | Reached skill level 1 in Dodging
  2283 | D:3      | Found a runed door.
  2288 | D:3      | Noticed Crazy Yiuf
  2293 | D:3      | Killed Crazy Yiuf
  2611 | D:4      | Found Papi's Assorted Antiques.
  2619 | D:4      | Bought a metallic amethyst potion for 25 gold pieces
  2848 | D:4      | Found the +4 Vampire's Tooth {vamp}
  2851 | D:4      | Reached skill level 5 in Long Blades
  3113 | D:4      | Noticed a phantom
  3135 | D:4      | Killed a phantom
  3135 | D:4      | Reached * piety under Okawaru
  3135 | D:4      | Reached XP level 7. HP: 55/55 MP: 7/7
  3140 | D:4      | Gained mutation: You possess an exceptional clarity of mind. [potion of mutation]
  3140 | D:4      | Gained mutation: You are somewhat resistant to further mutation. [potion of mutation]
  3209 | D:5      | Entered Level 5 of the Dungeon
  3346 | D:5      | Reached skill level 5 in Shields
  3352 | D:5      | Reached skill level 6 in Long Blades
  3352 | D:5      | Reached skill level 1 in Stealth
  3406 | D:5      | Found a sacrificial altar of Ru.
  3467 | D:5      | Reached ** piety under Okawaru
  3469 | D:5      | Found a glowing drain.
  3489 | Sewer    | Entered a sewer
  3704 | Sewer    | Noticed Purgy
  3730 | Sewer    | Killed Purgy
  3730 | Sewer    | Reached XP level 8. HP: 47/61 MP: 8/8
  3749 | Sewer    | Reached skill level 5 in Fighting
  3896 | D:5      | Reached skill level 7 in Long Blades
  4344 | D:6      | Noticed Grinder
  4349 | D:6      | Paralysed by Grinder for 4 turns
  4361 | D:6      | Paralysed by Grinder for 2 turns
  4366 | D:6      | Paralysed by Grinder for 6 turns
  4378 | D:6      | Paralysed by Grinder for 2 turns
  4392 | D:6      | Killed Grinder
  4558 | D:6      | Reached *** piety under Okawaru
  4558 | D:6      | Reached skill level 8 in Long Blades
  4790 | D:6      | Reached XP level 9. HP: 68/68 MP: 9/9
  5011 | D:6      | Found a sparkling altar of Nemelex Xobeh.
  5038 | D:6      | Reached skill level 9 in Long Blades
  5181 | D:7      | Noticed Prince Ribbit
  5182 | D:7      | Noticed zeke's ghost (novice MiFi)
  5201 | D:7      | Slain by zeke's ghost

Vault maps used:
D:1:      matt_arrival_debris
D:2:      lemuel_doored_altar, okawaru_trees_2, kennysheep_big_empty_room
D:3:      yredelemnul_altar_generic, nicolae_overflow_crystal_walls, uniq_robin,
          uniq_crazy_yiuf_cottage, uniq_terence, uniq_jessica
D:4:      serial_shops, nicolae_shop_overgrown_old_shop, grunt_ministairs_2,
          hangedman_abyss_or_decor_passed, minmay_misc_feat_tiny,
          minmay_guarded_unrand_vampires_tooth
D:5:      first_bread, basic_altar, cheibrodos_sewer_entry_sluice,
          lemuel_another_geyser
D:6:      kennysheep_little_box, uniq_grinder
D:7:      minmay_temple_entry_statues_pillars, uniq_prince_ribbit1
Sewer:    kennysheep_door_sewer

Skill      XL: |  1  2  3  4  5  6  7  8  9 |
---------------+----------------------------+-----
Armour         | 4 5 6 |  6.7
Long Blades    | 3 4 5 6 8 9 |  9.2
Fighting       | 4 5 |  5.7
Shields        | 4 5 6 |  6.2
Dodging        | 1 2 3 |  3.5
Stealth        | 1 |  1.6

Action                   |  1- 3 |  4- 6 |  7- 9 || total
-------------------------+-------+-------+-------++-------
Melee: Long sword        |   133 |    18 |       ||   151
       Falchion          |       |   199 |   291 ||   490
Throw: Tomahawk          |       |     3 |       ||     3
  Use: Potion            |     2 |     4 |     3 ||     9
       Scroll            |       |       |     7 ||     7
 Stab: Sleeping          |       |     1 |       ||     1
  Eat: Chunk             |     3 |     6 |     8 ||    17
Armor: Scale mail        |    65 |     5 |       ||    70
       Ring mail         |       |    65 |   108 ||   173
Dodge: Dodged            |    42 |    74 |   116 ||   232
Block: Shield            |    84 |   119 |   128 ||   331
       Rpst.: Long sword |    13 |     3 |       ||    16
       Falchion          |       |    20 |    29 ||    49

Table legend:
 A = Spawn XP
 B = Non-spawn XP
 C = Spawn XP percentage of total XP
 D = Spawn monster count
 E = Non-spawn monster count
 F = Spawn count percentage of total count
 G = Total turns spent on level
                    A         B        C        D         E        F      G
               +---------+---------+-------+---------+---------+-------+---------
         Total |       0 |    2597 |   0.0 |       0 |     152 |   0.0 |  5201
               +---------+---------+-------+---------+---------+-------+---------
           D:1 |       0 |      46 |   0.0 |       0 |      24 |   0.0 |   791
           D:2 |       0 |      29 |   0.0 |       0 |      12 |   0.0 |   684
           D:3 |       0 |     274 |   0.0 |       0 |      44 |   0.0 |   719
           D:4 |       0 |     388 |   0.0 |       0 |      23 |   0.0 |  1015
           D:5 |       0 |     692 |   0.0 |       0 |      19 |   0.0 |   799
           D:6 |       0 |    1014 |   0.0 |       0 |      24 |   0.0 |   845
         Sewer |       0 |     154 |   0.0 |       0 |       6 |   0.0 |   323
               +---------+---------+-------+---------+---------+-------+---------
